Unix NetHack Version 5.0.0-0 post-release - last build May 17 2026 04:57:42 (dc50c8380fa5e20985bfe3072449f57b8d9895ef,branch:main).

Game began 2026-05-19 15:04:09, ended 2026-05-19 16:48:26.

Draagus, lawful female human Knight

               @|              ...
            |> ^.              .<.
            |...|              -.-
            -.---               #
           "##                  #
           #         #          ##
           #         ### #     ###
          ##           ###  ----.---
       ---|-----------  ## #|......|
       |.............|   ###...^...|
       |.............|     #|......|
       |.............-######--------
       |.............|
       |.............|
       ---------------

Draagus the Bachelor     St:15 Dx:6 Co:13 In:9 Wi:16 Ch:17  Lawful
Dlvl:13 $:0  HP:0(77) Pw:86(86) AC:-2 Xp:9 T:4674  Blind Deaf

Latest messages:
 It misses!
 You hit it.
 It hits!
 It hits again!
 It misses!
 It hits!
 It bites!
 It bites again!
 It just misses!
 You hit it.
 It misses!
 It misses!
 It bites!
 It hits!
 It hits!
 It misses!
 It misses!
 It just misses!
 You kill it!
 It misses!
 It misses!
 It bites!
 It bites again!
 It hits!
 You hit it.
 It hits!
 It bites!
 It misses!
 It misses!
 You attack thin air.
 You hit it.
 It hits!
 It bites!
 It bites again!
 It hits!
 It hits!
 What do you want to drink? [OPS or ?*] P
 You feel better.
 Your movements are now unencumbered.
 It hits!
 It bites!
 It bites again!
 It hits!
 It hits!
 You die...
 Do you want your possessions identified? [ynq] (y) y
 Do you want to see your attributes? [ynq] (y) y
 Do you want an account of creatures vanquished? [ynaq] (y) y
 Do you want to see your conduct and achievements? [ynq] (y) y
 Do you want to see the dungeon overview? [ynq] (y) y

Inventory:
 Amulets  ('"')
  R - a cursed amulet of change
  b - an uncursed amulet of flying
 Weapons  (')')
  a - the blessed rustproof +2 Excalibur (weapon in right hand)
 Armor    ('[')
  F - an uncursed +0 elven leather helm (being worn)
  f - an uncursed +2 pair of leather gloves (being worn)
  z - an uncursed +0 pair of speed boots (being worn)
  e - an uncursed +0 small shield (being worn)
  A - a cursed -1 crystal plate mail (being worn)
 Comestibles  ('%')
  u - 3 uncursed slime molds
  x - an uncursed cram ration
  i - 2 uncursed food rations
  g - an uncursed pancake
  t - an uncursed tripe ration
 Scrolls  ('?')
  N - an uncursed scroll of amnesia
  B - a blessed scroll of create monster
  T - an uncursed scroll of taming
  C - an uncursed scroll of teleportation
 Potions  ('!')
  O - an uncursed potion of sleeping
  S - an uncursed potion of speed
 Rings    ('=')
  V - a blessed +1 ring of gain constitution (on left hand)
  s - an uncursed +1 ring of gain constitution (on right hand)
  K - an uncursed ring of poison resistance
 Tools    ('(')
  y - an uncursed sack containing 1 item
  w - an uncursed towel

Contents of the sack:
  585 gold pieces

Draagus the Knight's attributes:

Background:
 You were a Bachelor, a level 9 female human Knight.
 You were lawful, on a mission for Lugh
 who was opposed by Brigit (neutral) and Manannan Mac Lir (chaotic).
 You were right-handed.
 You were in the Dungeons of Doom, on level 13.
 You entered the dungeon 4674 turns ago.
 There was a new moon in effect when your adventure ended.
 You had 2763 experience points, 2357 more were needed to attain level 10.

Basics:
 You had 0 out of 77 hit points.
 You had all 86 energy points (spell power).
 Your armor class was -2.
 Your wallet was empty, but
 you had 585 zorkmids stashed away in your pack.
 Autopickup was off.

Final Characteristics:
 Your strength was 15 (limit:18/100).
 Your dexterity was 6 (peak:11, limit:18).
 Your constitution was 13 (base:11, limit:18).
 Your intelligence was 9 (limit:18).
 Your wisdom was 16 (limit:18).
 Your charisma was 17 (limit:18).

Final Status:
 You were temporarily blind.
 You were deaf.
 You weren't hungry.
 You were unencumbered.
 You were wielding a long sword.
 You had expert skill with long sword.

Final Attributes:
 You were piously aligned.
 You were level-drain resistant.
 You had automatic searching.
 You could jump.
 You were guarded.
 You were very fast.
 You are dead.

Miscellaneous:
 You didn't encounter any bones levels.
 Total elapsed playing time was 1 hour and 17 seconds.

Major events:
 Turn
    1: Draagus the lawful female human Knight entered the dungeon
 1059: entered the Gnomish Mines
 1083: attained the rank of Esquire (level 3)
 1906: reached Mine Town
 1915: attained the rank of Bachelor (level 6)
 2324: was given Excalibur by the Lady of the Lake
 3788: entered the Bigroom
 3871: entered Home 1, the Quest
 4674: killed by an ogre king

You didn't know any spells.

Skills:
 Fighting Skills
   bare handed combat [Unskilled]
   two weapon combat  [Unskilled]
   riding             [Basic]
 Weapon Skills
   dagger             [Unskilled]
   knife              [Unskilled]
   axe                [Unskilled]
   pick-axe           [Unskilled]
   short sword        [Unskilled]
   broadsword         [Unskilled]
   long sword         [Expert]
   two-handed sword   [Unskilled]
   saber              [Unskilled]
   club               [Unskilled]
   mace               [Unskilled]
   morning star       [Unskilled]
   flail              [Unskilled]
   hammer             [Unskilled]
   polearms           [Unskilled]
   spear              [Unskilled]
   trident            [Unskilled]
   lance              [Basic]
   bow                [Unskilled]
   crossbow           [Unskilled]
 Spellcasting Skills
   attack spells      [Unskilled]
   healing spells     [Unskilled]
   clerical spells    [Unskilled]

Voluntary challenges:
 Character rerolling was not enabled.
 You never genocided any monsters.
 You never polymorphed an object.
 You never changed form.
 You used no wishes.
Achievements:
 You entered a shop.
 You entered the Gnomish Mines.
 You attained the rank of Esquire.
 You entered Minetown.
 You attained the rank of Bachelor.
 You entered a temple.
 You entered the Big Room.

 The Dungeons of Doom: levels 1 to 13
    Level 1:
       Some fountains.
    Level 2:
       A tool shop, many fountains, a sink.
       Stairs down to The Gnomish Mines.
    Level 3:
    Level 4:
       A sink.
    Level 5:
       A grave.
    Level 6:
       Many fountains.
    Level 7:
    Level 8:
    Level 10:
       Many trees.
       A very big room.
    Level 11:
    Level 12:
       Summoned by King Arthur.
       Portal to The Quest.
    Level 13: <- You were here.
       Final resting place for
          you, killed by an ogre king.
 The Gnomish Mines: levels 3 to 6
    Level 3:
    Level 4:
    Level 5:
    Level 6:
       Many shops, a temple and an altar, a fountain.
 The Quest:
    Level 1:
       A throne.
       Home.


Vanquished creatures:
  2 small mimics
  a tiger
  2 ochre jellies
 an energy vortex
  a mountain centaur
 an elf mummy
  a leather golem
  a watchman
 an amorous demon
  3 wolves
  a leprechaun
  a werewolf
  a lizard
  a housecat
  a blue jelly
  3 ravens
  2 plains centaurs
  a rope golem
  2 Woodland-elves
  5 lemures
 22 quasits
  a mountain nymph
  2 rock piercers
  a rock mole
  a fog cloud
  3 yellow lights
  5 gnome leaders
  2 gnomish wizards
  a kobold mummy
  2 gray oozes
  2 paper golems
  a giant ant
  a little dog
  2 floating eyes
 11 hill orcs
  7 rothes
  a rabid rat
  3 orc zombies
  2 wererats
  2 iguanas
 an acid blob
  a gas spore
  3 manes
  3 giant rats
  3 cave spiders
 28 gnomes
  2 geckos
  8 jackals
  a fox
  4 kobolds
  2 goblins
  6 sewer rats
  3 grid bugs
  a lichen
  a kobold zombie
  4 newts
175 creatures vanquished.

No species were genocided or became extinct.

Game over:
                       ----------
                      /          \
                     /    REST    \
                    /      IN      \
                   /     PEACE      \
                  /                  \
                  |     Draagus      |
                  |      585 Au      |
                  |   killed by an   |
                  |    ogre king     |
                  |                  |
                  |                  |
                  |       2026       |
                 *|     *  *  *      | *
        _________)/\\_//(\/(/\)/\//\/|_)_______

Fare thee well Draagus the Knight...

You died in The Dungeons of Doom on dungeon level 13 with 12279 points,
and 585 pieces of gold, after 4674 moves.
You were level 9 with a maximum of 77 hit points when you died.

